 Dungeon Crawl Stone Soup version 0.18.1-6-gd335043 (webtiles) character file.

82 mindo the Chiller (level 4, 0/31 HPs)
             Began as a Human Ice Elementalist on May 20, 2016.
             Was a Follower of Zin.
             Slain by Mefis's ghost (9 damage)
             ... on level 3 of the Dungeon.
             The game lasted 00:24:55 (3150 turns).

mindo the Chiller (Human Ice Elementalist)          Turns: 3150, Time: 00:24:56

Health: 0/31       AC:  7    Str: 12    XL:     4   Next: 70%
Magic:  3/8        EV: 12    Int: 16    God:    Zin [*.....]
Gold:   45         SH:  0    Dex: 14    Spells: 2 memorised, 4 levels left

rFire  . . .     SeeInvis .     o - +0 long sword
rCold  . . .     Gourm    .     a - +0 robe
rNeg   + . .     Faith    .     (no shield)
rPois  .         Spirit   .     (no helmet)
rElec  .         Dismiss  .     (no cloak)
rCorr  .         Reflect  .     (no gloves)
SustAt .         Harm     .     (no boots)
MR     .....                    (no amulet)
Stlth  ++........               l - ring of positive energy
                                g - +4 ring of strength

@: icy armour, slow, not resistant to hostile enchantments, unstealthy
A: no striking features
a: Recite, Donate Gold, Renounce Religion


You were on level 3 of the Dungeon.
You worshipped Zin.
Zin was aware of your devotion.
You were not hungry.

You visited 1 branch of the dungeon, and saw 3 of its levels.

You collected 101 gold pieces.
You donated 56 gold pieces to Zin.

Inventory:

Hand Weapons
 d - a +0 club
 m - a +0 short sword
 o - a +0 long sword (weapon)
Armour
 a - a +0 robe (worn)
Jewellery
 g - a +4 ring of strength (left hand)
 l - a ring of positive energy (right hand)
Scrolls
 e - a scroll of enchant weapon {unknown}
 h - 5 scrolls of remove curse {unknown}
 i - a scroll of random uselessness {unknown}
 k - 2 scrolls of identify {unknown}
 n - a scroll of blinking {unknown}
Potions
 j - a potion of degeneration {unknown}
Books
 b - a book of Frost

   Spells                             Type                      Level
   a - Freeze                         Ice                          1
   b - Throw Frost                    Conjuration/Ice              2
   c - Ozocubu's Armour               Charms/Ice                   3
   d - Throw Icicle                   Conjuration/Ice              4
   e - Summon Ice Beast               Ice/Summoning                4
Comestibles
 f - 3 fruits


   Skills:
 + Level 0.4 Fighting
 + Level 0.6 Long Blades
 + Level 2.1 Dodging
 + Level 2.1 Stealth
 + Level 2.7 Spellcasting
   Level 1.0 Conjurations
 + Level 4.2 Ice Magic


You had 4 spell levels left.
You knew the following spells:

 Your Spells              Type           Power        Failure   Level  Hunger
a - Freeze                Ice            ###.         4%          1    #......
b - Ozocubu's Armour      Chrm/Ice       #.......     28%         3    ###....


Dungeon Overview and Level Annotations

Branches:
Dungeon (3/15)

Altars:
Fedhas
Vehumet
Zin
The Shining One

Annotations:
D:3 Mefis's ghost, amateur DEWz


Message History

Confirm with . or Enter, or press ? or * to list all spells.
Aiming: Freeze
Press: ? - help, Shift-Dir - straight line, f/p - Mefis's ghost
Aim: Mefis's ghost, wielding a weapon of electrocution (moderately damaged)
You freeze Mefis's ghost.
Mefis's ghost is heavily damaged.
Mefis's ghost hits you but does no damage.
You hit Mefis's ghost.
Mefis's ghost is heavily damaged.
Mefis's ghost hits you but does no damage.
You miss Mefis's ghost.
Mefis's ghost is heavily damaged.
Mefis's ghost gestures wildly while chanting.
Mefis's ghost hits you.
* * * LOW HITPOINT WARNING * * *
You barely miss Mefis's ghost.
Mefis's ghost is heavily damaged.
Mefis's ghost hits you but does no damage.
You are electrocuted!
You die...

... .>#
#.# #.#
#.# #.#
#.####.#
#@.....#
#W######
#5# #.#
#$# #.#
#.# #.#


You could see Mefis's ghost and a crimson imp.

Vanquished Creatures
  An adder (D:2)
  An ooze (D:3)
  A worm (D:2)
  3 dart slugs
  A ball python (D:1)
  6 bats
  3 giant cockroaches (D:2)
  12 hobgoblins
  5 jackals
  3 kobolds (D:2)
  2 quokkas (D:2)
  3 giant newts
  7 goblins
  5 rats (D:2)
53 creatures vanquished.

Notes
Turn   | Place    | Note
--------------------------------------------------------------
     0 | D:1      | mindo the Human Ice Elementalist began the quest for the Orb.
     0 | D:1      | Reached XP level 1. HP: 13/13 MP: 3/3
   399 | D:1      | Reached XP level 2. HP: 19/19 MP: 0/5
   817 | D:1      | Reached XP level 3. HP: 24/24 MP: 2/6
  1867 | D:2      | Reached skill level 4 in Ice Magic
  2114 | D:2      | Reached XP level 4. HP: 30/30 MP: 7/7
  2129 | D:2      | Learned a level 3 spell: Ozocubu's Armour
  2755 | D:2      | Found a glowing silver altar of Zin.
  2755 | D:2      | Found a radiant altar of Vehumet.
  2755 | D:2      | Found a glowing golden altar of the Shining One.
  2755 | D:2      | Found a blossoming altar of Fedhas.
  2769 | D:2      | Became a worshipper of Zin the Law-Giver
  2769 | D:2      | Reached * piety under Zin
  2776 | D:2      | Donated 46 gold pieces to Zin
  2877 | D:3      | Noticed Mefis's ghost (amateur DEWz)
  3145 | D:3      | Zin protects you from harm!
  3150 | D:3      | Slain by Mefis's ghost

Skill      XL: |  1  2  3 |
---------------+----------+-----
Ice Magic      | 4 |  4.2
Fighting       | |  0.4
Long Blades    | |  0.6
Dodging        | |  2.1
Stealth        | |  2.1
Spellcasting   | |  2.7
Conjurations   | |  1.0

Action                   |  1- 3 |  4- 6 || total
-------------------------+-------+-------++-------
Melee: Club              |     6 |       ||     6
       Unarmed           |     5 |       ||     5
       Short sword       |    34 |       ||    34
       Long sword        |     4 |    50 ||    54
 Cast: Freeze            |    43 |    20 ||    63
       Ozocubu's Armour  |       |     6 ||     6
Invok: Donate Gold       |       |     1 ||     1
 Stab: Sleeping          |     1 |       ||     1
  Eat: Bread ration      |     1 |     1 ||     2
Armor: Robe              |    20 |    25 ||    45
Dodge: Dodged            |    56 |    47 ||   103
